 Dungeon Crawl Stone Soup version 0.30.0-5-g1a98f26d00 (webtiles) character file.

Game seed: 12036126237005321771

24 Pimp the Trooper (level 2, -2/24 HPs)
             Began as a Demonspawn Fighter on May 8, 2023.
             Slain by a gnoll
             ... wielding a +0 whip
              (7 damage)
             ... on level 2 of the Dungeon.
             The game lasted 00:01:41 (1296 turns).

Pimp the Trooper (Demonspawn Fighter)               Turns: 1296, Time: 00:01:41

Health: -2/24      AC: 12    Str: 16    XL:     2   Next: 79%
Magic:  2/2        EV:  6    Int:  9    God:
Gold:   93         SH:  4    Dex: 12    Spells: 1/1 levels left

rFire   . . .        a - +0 war axe
rCold   . . .        c - +0 buckler
rNeg    . . .        h - +0 chain mail
rPois   .            (no helmet)
rElec   .            (no cloak)
rCorr   .            i - +2 pair of gloves {Stlth+}
SInv    .            (no boots)
Will    .....        (no amulet) Stlth
                     (no ring)
HPRegen 0.24/turn    (no ring)
MPRegen 0.08/turn

%: no passive effects
@: mighty
A: demonic touch 1
a: no special abilities


You were on level 2 of the Dungeon.
You visited 1 branch of the dungeon, and saw 2 of its levels.

You collected 93 gold pieces.

Inventory:

Hand Weapons
 a - a +0 war axe (weapon)
Armour
 b - a +0 scale mail
 c - a +0 buckler (worn)
 h - a +0 chain mail (worn)
 i - a +2 pair of gloves of stealth (worn)
Jewellery
 g - a ring of wizardry
Scrolls
 e - a scroll of enchant armour {unknown}
 f - 2 scrolls of identify
 j - a scroll of noise


   Skills:
 + Level 3.2 Fighting
 - Level 2.0 Axes
 + Level 2.9 Armour
 + Level 2.9 Shields
 * Level 0.7 Unarmed Combat


You had one spell level left.
You didn't know any spells.
Your spell library contained the following spells:

 Spells                   Type           Power      Damage    Failure   Level
 Beastly Appendage        Tmut           0%         N/A       100%        1
 Wereblood                Tmut           0%         N/A       100%        2
 Spider Form              Tmut/Pois      0%         N/A       100%        3


Dungeon Overview and Level Annotations

Branches:
Dungeon (2/15)

Altars:


Innate Abilities, Weirdness & Mutations

Your touch may inflict minor irresistible damage on your foes.


Message History

The bat hits you but does no damage. The bat attacks as you move away!
The bat barely misses you. The bat hits you but does no damage. x2
Found a scroll labelled NIPSYNNIROM.
You hit the bat but do no damage. You closely miss the gnoll.
The bat hits you but does no damage. x2; The gnoll hits you with a +0 club.
The gnoll attacks as you move away! The gnoll hits you but does no damage.
The gnoll attacks as you move away! The gnoll hits you but does no damage.
The bat hits you but does no damage.
The gnoll throws a throwing net.
The throwing net hits you.
You become entangled in the net!
Things that are here:
a throwing net; a +0 whip You struggle against the net.
The bat hits you but does no damage.
You struggle against the net.
You struggle against the net.
The bat hits you but does no damage.
The gnoll hits you but does no damage. x2
You struggle against the net.
The gnoll barely misses you. The gnoll hits you with a +0 club. x2
You shred the net and break free! The gnoll completely misses you.
The gnoll barely misses you. The gnoll closely misses you.
The gnoll attacks as you move away! The gnoll barely misses you.
The gnoll attacks as you move away! The gnoll hits you but does no damage.
You hit the gnoll.
The gnoll is moderately wounded.
You hit the gnoll but do no damage. The gnoll hits you with a +0 whip.
The gnoll hits you but does no damage.
You barely miss the gnoll.
The gnoll is moderately wounded.
You hit the gnoll. The gnoll hits you but does no damage.
The gnoll hits you with a +0 club.
* * * LOW HITPOINT WARNING * * *
The gnoll hits you but does no damage. You block the gnoll's attack.
The gnoll attacks as you move away! The gnoll hits you with a +0 whip.
* * * LOW HITPOINT WARNING * * *
The gnoll attacks as you move away! The gnoll barely misses you.
Unknown command.
You feel very mighty all of a sudden. The gnoll hits you with a +0 whip!
You die...

#.........#........
#..<......#.#######
..#..#.#..#.# #.#.)#......#
#### ..........### #..
#.#######.# #.# #.# ##.##
###.#### #.#
#...#######g.....### ..#
#...##...@ggb.# ?.. ###
#...##.#####).#..# #
#...##.# #..#..## #
######...##.# #.....?#
###......[....# #...$..#
..............### #.........
###..............>......###.
######...######.......#
#...# #.......#


You could see 3 gnolls and a bat.

Vanquished Creatures
  4 ball pythons (D:1)
  2 endoplasms (D:1)
  A giant cockroach (D:1)
  5 goblins (D:1)
  A hobgoblin (D:1)
  2 quokkas
  A bat (D:1)
  3 frilled lizards (D:1)
  3 kobolds
  A rat (D:1)
23 creatures vanquished.

Notes
Turn   | Place    | Note
-------+----------+-------------------------------------------
     0 | D:1      | Pimp the Demonspawn Fighter began the quest for the Orb.
     0 | D:1      | Reached XP level 1. HP: 18/18 MP: 1/1
   333 | D:1      | Discovered your monstrous ancestry.
   333 | D:1      | Gained mutation: Your touch may inflict minor irresistible
                  | damage on your foes. [demonic ancestry]
   333 | D:1      | Reached XP level 2. HP: 23/24 MP: 2/2
   792 | D:1      | Found a faded altar of an unknown god.
  1296 | D:2      | Slain by a gnoll

Illustrated notes

Levels and vault maps discovered:
D:1:      minmay_arrival_statue_studded, layout_basic,
          shapermc_ecumenical_altar_mp_ritualfount, minmay_misc_feat_tiny
D:2:      layout_loops_cross, basic_altar, chequers_big_river

Skill      XL: |  1 |
---------------+----+-----
Axes           | 2 |  2.0
Fighting       | |  3.2
Armour         | |  2.9
Shields        | |  2.9
Unarmed Combat | |  0.7

Action                     || total
---------------------------++-------
  Melee: War axe           ||    53
    Use: Scroll            ||     2
         Potion            ||     1
 Armour: Scale mail        ||     8
         Chain mail        ||    39
  Dodge: Dodged            ||    27
  Block: Buckler           ||     9
